 Dungeon Crawl Stone Soup version 0.27-a0-1529-g1e82c303ef (webtiles) character file.

Game seed: 2180317854047571792

12392 s0lipsistnati0n the Nimble (level 12, -7/94 HPs)
             Began as a Djinni Fire Elementalist on July 11, 2021.
             Was a Believer of Makhleb.
             Mangled by a troll (8 damage)
             ... on level 10 of the Dungeon.
             The game lasted 00:50:17 (17315 turns).

s0lipsistnati0n the Nimble (DjFE)                  Turns: 17315, Time: 00:50:18

Health: -7/94      AC:  8    Str:  7    XL:     12   Next: 19%
Gold:   477        EV: 23    Int: 26    God:    Makhleb [**....] SH:  0 Dex: 16

rFire    + + .     SeeInvis .   H - +6 spear of Doom {freeze, rC+ Stlth+}
rCold    + . .     Faith    .   (no shield)
rNeg     . . .     Spirit   .   P - +2 robe {rC+}
rPois    ∞         Reflect  .   h - +0 hat
rElec    .         Harm     .   W - +2 cloak {rPois}
rCorr    .         Rampage  .   t - +0 pair of gloves
Will     +....                  (boots unavailable)
Stlth    ++++......             (no amulet)
HPRegen  0.25/turn              i - +4 ring of evasion
MPRegen  0.00/turn              k - +6 ring of intelligence

@: flying, very slightly contaminated
A: sickness immunity, fire resistance 2, cold vulnerability 1, float, innate
caster, hp casting, extra vitality 1
a: Renounce Religion, Minor Destruction


You were on level 10 of the Dungeon.
You worshipped Makhleb.
Makhleb was pleased with you.
You visited 2 branches of the dungeon, and saw 11 of its levels.

You collected 477 gold pieces.

Inventory:

Hand Weapons
 m - a +0 hand crossbow
 s - a +0 hunting sling
 y - a +3 flail of draining
 B - a +2 flail of pain
 C - a +2 vorpal flail
 H - the +6 spear of Doom (weapon) {freeze, rC+ Stlth+}
   (You found it on level 5 of the Dungeon)

   It has been specially enchanted to freeze those struck by it, causing extra
   injury to most foes and up to half again as much damage against particularly
   susceptible opponents.
   It can also slow down cold-blooded creatures.
   rC:        It protects you from cold.
   Stlth:     It makes you more stealthy.
 J - a +2 scimitar of protection
Missiles
 e - 49 poisoned darts
 f - 153 stones
 u - 52 bolts
 z - 29 sling bullets
 K - 12 javelins
 O - a curare-tipped dart
Armour
 h - a +0 hat (worn)
 o - +0 steam dragon scales
 t - a +0 pair of gloves (worn)
 P - a +2 robe of cold resistance (worn)
 Q - a scarf of repulsion
 W - a +2 cloak of poison resistance (worn)
Jewellery
 g - a ring of ice
 i - a +4 ring of evasion (left hand)
 k - a +6 ring of intelligence (right hand)
 F - a ring of fire
 U - a ring of protection from fire
Wands
 b - a wand of iceblast (20)
 x - a wand of charming (12)
 N - a wand of flame (11)
 T - a wand of polymorph (7)
 V - a wand of paralysis (3)
Scrolls
 d - 4 scrolls of teleportation
 j - a scroll of enchant weapon
 l - 3 scrolls of magic mapping
 n - 2 scrolls of fog
 q - 2 scrolls of immolation {unknown}
 v - a scroll of summoning {unknown}
 A - a scroll of vulnerability {unknown}
 G - 3 scrolls of enchant armour
 I - 2 scrolls of torment {unknown}
 L - a scroll of amnesia {unknown}
 X - a scroll of fear {unknown}
Potions
 a - 2 potions of haste {unknown}
 c - 3 potions of lignification {unknown}
 p - 5 potions of curing
 r - a potion of berserk rage {unknown}
 w - 4 potions of brilliance {unknown}
 D - 3 potions of attraction {unknown}
 E - 2 potions of might {unknown}
 M - 4 potions of heal wounds
 S - a potion of magic


   Skills:
 + Level 11.0 Fighting
 - Level 4.0 Armour
 + Level 12.0 Dodging
 - Level 4.0 Stealth
 - Level 7.0 Spellcasting


You couldn't memorise any spells.
You knew the following spells:

 Your Spells              Type           Power      Damage    Failure   Level
a - Foxfire               Conj/Fire      100%       2x1d9     1%          1
b - Conjure Flame         Conj/Fire      45%        6-21      1%          3
c - Inner Flame           Hex/Fire       45%        N/A       1%          3
d - Sticky Flame          Conj/Fire      45%        2d6       3%          4
e - Fireball              Conj/Fire      22%        3d10      10%         5
f - Freeze                Ice            100%       1d11      1%          1
g - Slow                  Hex            45%        N/A       1%          2
h - Gell's Gravitas       Tloc           22%        N/A       1%          3
i - Airstrike             Air            22%        N/A       3%          4
j - Hailstorm             Conj/Ice       45%        3d10      3%          4
Your spell library was empty.

Dungeon Overview and Level Annotations

Branches:
Dungeon (10/15)            Temple (1/1) D:5
   Lair: D:8-11         Orc: D:9-12

Altars:
Ashenzari
Cheibriados
Dithmenos
Elyvilon
Fedhas
Gozag
Hepliaklqana
Kikubaaqudgha
Makhleb
Nemelex Xobeh
Okawaru
Qazlal
Ru
Sif Muna
Trog
Uskayaw
Vehumet
Wu Jian
Xom
Yredelemnul
Zin
The Shining One

Annotations:
D:6 dig
D:9 dig gold


Innate Abilities, Weirdness & Mutations

You are immune to sickness and miasma.
You are immune to poison.
Your flesh is very heat resistant. (rF++)
You are vulnerable to cold. (rC-)
You float through the air rather than walking.
You learn spells naturally, not from books.
Your magical power is your life essence.
You have superior vitality. (+4 HP)


Message History

* * * LOW HITPOINT WARNING * * *
The troll barely misses you. The troll closely misses you.
The troll completely misses you.
Your foxfire dissipates!
The foxfire hits the two-headed ogre!
The two-headed ogre is almost dead.
The foxfire hits the two-headed ogre but does no damage.
The two-headed ogre is almost dead.
The foxfire hits the two-headed ogre.
The two-headed ogre is almost dead.
Casting: Foxfire (safe; 1% risk of failure)
Confirm with . or Enter, or press ? or * to list all spells.
You don't know that spell.
Casting: Foxfire (safe; 1% risk of failure)
Confirm with . or Enter, or press ? or * to list all spells.
Aiming: Sticky Flame (dangerous; 3% risk of failure)
Press: ? - help, Shift-Dir - straight line, f/p - two-headed ogre
Aim: a two-headed ogre, wielding two +0 giant clubs (almost dead, 100% to hit)
The sticky flame hits the two-headed ogre!
You kill the two-headed ogre!
Makhleb accepts your kill.
* * * LOW HITPOINT WARNING * * *
The troll barely misses you. The troll misses you. The troll barely misses you.
Your Fighting skill increases to level 11!
Your Dodging skill increases to level 12!
Casting: Sticky Flame (dangerous; 3% risk of failure)
Confirm with . or Enter, or press ? or * to list all spells.
Aiming: Sticky Flame (dangerous; 3% risk of failure)
Press: ? - help, Shift-Dir - straight line, f - troll
Aim: a troll (100% to hit)
The sticky flame hits the troll!
The troll is moderately wounded.
The troll is covered in liquid flames!
* * * LOW HITPOINT WARNING * * *
The troll burns!
The troll bites you!
* * * LOW HITPOINT WARNING * * *
The troll claws you.
* * * LOW HITPOINT WARNING * * *
The troll claws you!
You die...

#.....#.....'..... #+
##.####..#########
#.###.########.####..####...##
..T...'...#...................
......#...#...................
####. ##.###..###.##.###....##
# ##.########.##.######+##
#.....).....#.........#.
#.....T@.)..'.........#.
#+#####.######.###...###
##..####.######.###...###
.......#...#.............
.......#...#.....<.......
.......'.).#.............
.......#...#.............
##..#####'###...##..#####
#..####..###...#########


You could see a troll (burning).

Vanquished Creatures
  Gastronok (D:10)
  A boulder beetle (D:8)
  4 two-headed ogres
  Pikel (D:6)
  Maurice (D:9)
  Joseph (D:7)
  Maggie (D:7)
  The ghost of EatSleepCrawl the Conjurer, a novice DrCj (D:4)
  2 trolls (D:9)
  2 hornets
  12 yaks
  A steam dragon (D:6)
  Menkaure (D:7)
  A sky beast (D:7)
  An ice beast (D:6)
  A hornet zombie (D:9)
  2 orc warriors
  2 black bears
  A necrophage (D:6)
  2 ogres
  4 lemures
  3 phantoms
  3 centaurs
  A kobold brigand (D:8)
  A gnoll sergeant (D:7)
  2 bullfrogs (D:7)
  2 scorpions (D:5)
  2 wyvern zombies
  5 killer bees (D:8)
  2 centaur zombies
  2 bullfrog zombies (D:5)
  2 hounds
  6 orc priests
  2 jellies (D:7)
  3 centaur skeletons
  2 iguanas (D:5)
  7 orc wizards
  A hound skeleton (D:4)
  A howler monkey zombie (D:10)
  4 adders
  8 gnolls
  A shadow imp (D:3)
  A white imp (D:6)
  An adder skeleton (D:4)
  4 worms
  4 dart slugs
  34 orcs
  4 bats
  5 endoplasms
  2 giant cockroaches (D:3)
  12 goblins
  7 hobgoblins
  6 jackals
  2 quokkas
  7 ball pythons
  4 frilled lizards
  10 kobolds
  5 rats (D:1)
211 creatures vanquished.

Vanquished Creatures (others)
  987 foxfires
987 creatures vanquished.

Grand Total: 1198 creatures vanquished

Notes
Turn   | Place    | Note
-------+----------+-------------------------------------------
     0 | D:1      | s0lipsistnati0n the Djinni Fire Elementalist began the
                  | quest for the Orb.
     0 | D:1      | Reached XP level 1. HP: 15/15 MP: 0/0
   203 | D:1      | Reached XP level 2. HP: 10/22 MP: 0/0
   447 | D:1      | Reached skill level 1 in Fighting
  1008 | D:1      | Reached XP level 3. HP: 19/27 MP: 0/0
  1008 | D:1      | Learned a level 1 spell: Freeze
  1527 | D:1      | Reached skill level 3 in Dodging
  1865 | D:2      | Reached XP level 4. HP: 26/32 MP: 0/0
  2964 | D:3      | Reached XP level 5. HP: 33/38 MP: 0/0
  2964 | D:3      | Learned a level 2 spell: Slow
  3082 | D:3      | Found a snail-covered altar of Cheibriados.
  3763 | D:4      | Noticed a black bear
  3768 | D:4      | Killed a black bear
  3769 | D:4      | Reached skill level 4 in Dodging
  3769 | D:4      | Reached XP level 6. HP: 40/46 MP: 0/0
  4187 | D:4      | Reached XP level 7. HP: 33/50 MP: 0/0
  4187 | D:4      | Learned a level 3 spell: Gell's Gravitas
  5766 | D:5      | Entered Level 5 of the Dungeon
  5787 | D:5      | Reached skill level 5 in Dodging
  5884 | D:5      | Found a staircase to the Ecumenical Temple.
  5890 | Temple   | Entered the Ecumenical Temple
  6082 | Temple   | Became a worshipper of Makhleb the Destroyer
  6123 | D:5      | Found a hazy altar of Hepliaklqana.
  6215 | D:5      | Found a runed translucent gate.
  6216 | D:5      | Found a runed translucent gate.
  6217 | D:5      | Found a runed translucent gate.
  6522 | D:5      | Identified the +6 spear of Doom {freeze, rC+ Stlth+}
  6542 | D:5      | Reached XP level 8. HP: 47/58 MP: 0/0
  6919 | D:5      | Reached skill level 6 in Dodging
  7313 | D:5      | Noticed EatSleepCrawl's ghost (novice DrCj)
  7358 | D:5      | Reached skill level 5 in Fighting
  7645 | D:5      | Found a shadowy altar of Dithmenos.
  8400 | D:4      | Killed EatSleepCrawl's ghost
  8401 | D:4      | Reached skill level 5 in Spellcasting
  9129 | D:6      | Reached skill level 7 in Dodging
  9129 | D:6      | Reached XP level 9. HP: 58/66 MP: 0/0
  9129 | D:6      | Learned a level 4 spell: Airstrike
  9215 | D:6      | Noticed Pikel
  9222 | D:6      | Killed Pikel
 10204 | D:6      | Reached skill level 8 in Dodging
 11285 | D:7      | Noticed Maggie
 11304 | D:7      | Killed Maggie
 11305 | D:7      | Reached XP level 10. HP: 55/75 MP: 0/0
 11464 | D:7      | Reached * piety under Makhleb
 11845 | D:7      | Noticed Menkaure
 11860 | D:7      | Killed Menkaure
 11861 | D:7      | Reached skill level 9 in Dodging
 12115 | D:7      | Noticed Joseph
 12124 | D:7      | Killed Joseph
 12345 | D:8      | Noticed a boulder beetle
 12425 | D:8      | Killed a boulder beetle
 12925 | D:8      | Noticed a two-headed ogre
 12942 | D:8      | Killed a two-headed ogre
 12943 | D:8      | Reached skill level 1 in Armour
 13157 | D:8      | Reached skill level 10 in Dodging
 13181 | D:7      | Reached XP level 11. HP: 69/82 MP: 0/0
 13181 | D:7      | Learned a level 4 spell: Hailstorm
 13598 | D:8      | Found a sparkling altar of Nemelex Xobeh.
 14525 | D:9      | Reached ** piety under Makhleb
 15011 | D:9      | Found a stormy altar of Qazlal.
 15016 | D:9      | Noticed Maurice
 15027 | D:9      | Killed Maurice
 15594 | D:10     | Entered Level 10 of the Dungeon
 15624 | D:10     | Noticed a two-headed ogre
 15634 | D:10     | Killed a two-headed ogre
 15914 | D:10     | Reached skill level 11 in Dodging
 15915 | D:10     | Reached skill level 10 in Fighting
 16035 | D:10     | Noticed Gastronok
 16577 | D:10     | Killed Gastronok
 16578 | D:10     | Reached XP level 12. HP: 23/93 MP: 0/0
 17102 | D:10     | Noticed a two-headed ogre
 17109 | D:10     | Killed a two-headed ogre
 17294 | D:10     | Noticed a two-headed ogre
 17314 | D:10     | Killed a two-headed ogre
 17315 | D:10     | Reached skill level 12 in Dodging
 17315 | D:10     | HP: 2/94 [troll (16)]
 17315 | D:10     | Mangled by a troll

Illustrated notes

Levels and vault maps discovered:
D:1:      scummos_arrival_simple_crosswalls, layout_loops_ring,
          minmay_misc_feat_rows, minmay_vboxes
D:2:      minmay_wonky_spiral, layout_loops_cross
D:3:      layout_rooms, lemuel_doored_altar, palyth_stone_intersect
D:4:      layout_cave_pods
D:5:      kennysheep_spiral_hall, layout_layer_cave,
          nicolae_hepliaklqana_hazy_memory, mainiacjoe_overflow_six_doors_small,
          minmay_temple_entry_wispy, gammafunk_ghost_necromancy,
          hangedman_decor_peaks_small
D:6:      layout_layer_cave, serial_glass, glass_columns_a, glass_columns_c,
          glass_columns_c, glass_columns_c, glass_columns_b, glass_columns_a,
          glass_columns_a, glass_columns_a, due_unseen_surprise, uniq_pikel
D:7:      layout_basic, kennysheep_boxes, uniq_joseph, uniq_maggie,
          uniq_menkaure
D:8:      layout_basic, nemelex_xobeh_ov_fountains_minmay, minmay_misc_feat_iff
D:9:      layout_roguey, nicolae_qazlal_style_of_elements, item_on_display_a,
          uniq_maurice
D:10:     layout_gridville, david_lair_shrubbed, minmay_misc_feat_pillars,
          uniq_gastronok
Temple:   minmay_crystal_spiral_temple

Skill      XL: |  1  2  3  4  5  6  7  8  9 10 11 12 |
---------------+-------------------------------------+-----
Fighting       | 1 2 3 4 5 7 8 10 11 | 11.0
Dodging        | 3 4 5 7 8 10 11 12 | 12.0
Spellcasting   | 3 4 5 6 7 |  7.0
Armour         | 2 4 |  4.0
Stealth        | 2 4 |  4.0

Action                   |  1- 3 |  4- 6 |  7- 9 | 10-12 || total
-------------------------+-------+-------+-------+-------++-------
Melee: Hand axe          |    27 |     5 |       |       ||    32
       Flail             |       |    14 |     5 |       ||    19
       Spear             |       |       |     2 |    19 ||    21
 Cast: Foxfire           |    54 |   120 |   242 |   165 ||   581
       Freeze            |     2 |     2 |     5 |       ||     9
       Slow              |       |     1 |     5 |     2 ||     8
       Gell's Gravitas   |       |       |     3 |     1 ||     4
       Sticky Flame      |       |       |     4 |    48 ||    52
       Airstrike         |       |       |     6 |    32 ||    38
       Fireball          |       |       |       |     9 ||     9
       Hailstorm         |       |       |       |    11 ||    11
       Conjure Flame     |       |       |       |     1 ||     1
  Use: Scroll            |       |       |     8 |     2 ||    10
 Stab: Sleeping          |     1 |       |     1 |       ||     2
Armor: Robe              |     4 |     2 |    15 |    10 ||    31
       Steam dragon scal |       |       |       |     4 ||     4
Dodge: Dodged            |    26 |    21 |    56 |   100 ||   203

Table legend: (Time is in decaauts)
 A = Elapsed time spent in this place.
 B = Non-inter-level travel time spent in this place.
 C = Inter-level travel time spent in this place.
 D = Time resting spent in this place.
 E = Time spent auto-exploring this place.
 F = Levels seen in this place.
 G = Mean time per level.
                   A        B        C        D        E       F      G
               +--------+--------+--------+--------+--------+-----+--------+
         Total |  17340 |  16733 |    607 |   5890 |   8722 |  11 | 1576.4 |
       Dungeon |  17116 |  16595 |    521 |   5890 |   8596 |  10 | 1711.6 |
        Temple |    223 |    137 |     86 |      0 |    126 |   1 |  223.0 |
               +--------+--------+--------+--------+--------+-----+--------+

Top non-repeatable levels by time:
     D:5: 2373 daAuts
     D:4: 1969 daAuts
     D:7: 1818 daAuts
     D:8: 1801 daAuts
     D:1: 1789 daAuts
     D:6: 1735 daAuts
     D:3: 1655 daAuts
     D:9: 1543 daAuts
    D:10: 1297 daAuts
     D:2: 1131 daAuts
  Temple: 223 daAuts
